Map: Data-C

Players

Nina - Winner!

  • Race: Protoss Protoss
  • Spawn Location: 3:00

Maplez

  • Race: Protoss Protoss
  • Spawn Location: 9:00

Event: DreamHack SC2 Masters 2022 Atlanta (Offline)

VOD

Have the link to the VOD?

Description

Time

  • Played on: Nov. 18, 2022, 10:41 a.m.
  • Length: 8:41

All games in this series

Show
View Real Time Build Order
Export as new Build Order

Nina Protoss - Winner!

Build Orders: Blink Stalkers 

Get SALT Encoding   

  12  0:00  Probe  
  13  0:12  Probe  
  14  0:17  Pylon  
  14  0:25  Probe  
  15  0:37  Probe (Chrono Boost)  
  15  0:38  Gateway  
  16  0:47  Assimilator  
  16  0:48  Probe (Chrono Boost)  
  17  0:53  Probe (Chrono Boost)  
  17  0:56  Assimilator  
  18  1:03  Probe (Chrono Boost)  
  19  1:10  Gateway  
  19  1:13  Probe (Chrono Boost)  
  20  1:18  Probe  
  21  1:28  Cybernetics Core  
  21  1:31  Probe  
  22  1:36  Pylon  
  22  1:43  Probe  
  23  1:56  Probe  
  24  2:04  Stalker  
  24  2:05  Warp Gate, Stalker  
  28  2:16  Twilight Council  
  28  2:17  Probe  
  29  2:29  Pylon  
  29  2:36  Stalker  
  31  2:47  Stalker  
  32  2:55  Shield Battery  
  32  2:56  Blink (Chrono Boost)  
  32  3:08  Gateway  
  32  3:12  Stalker  
  34  3:27  Pylon  
  34  3:47  Nexus  
  34  3:56  Stalker  
  36  4:06  Probe  
  37  4:19  Robotics Facility, Probe  
  39  4:31  Probe  
  39  4:33  Stalker  
  41  4:40  Stalker  
  41  4:44  Probe  
  44  4:59  Probe (Chrono Boost)  
  45  5:00  Probe (Chrono Boost)  
  42  5:07  Observer (Chrono Boost)  
  42  5:08  Stalker  
  42  5:09  Probe (Chrono Boost)  
  42  5:11  Probe (Chrono Boost)  
  47  5:15  Stalker  
  47  5:17  Probe (Chrono Boost)  
  47  5:20  Probe (Chrono Boost)  
  52  5:29  Probe (Chrono Boost)  
  52  5:30  Probe (Chrono Boost)  
  52  5:34  Observer  
  54  5:36  Stalker x2  
  54  5:39  Probe  
  54  5:40  Probe  
  60  5:50  Sentry  
  62  6:01  Shield Battery  
  62  6:02  Pylon  
  61  6:04  Pylon  
  61  6:07  Shield Battery  
  61  6:10  Pylon  
  59  6:26  Sentry  
  59  6:27  Observer  
  59  6:28  Stalker x2  
  66  6:41  Nexus  
  64  6:52  Stalker  
  64  6:53  Stalker  
  68  7:08  Pylon  
  68  7:12  Stalker  
  68  7:13  Pylon  
  70  7:35  Stalker x2  
  70  7:36  Stalker  
  76  7:44  Probe  
  76  7:50  Observer  
  77  7:55  Gateway  
  77  7:56  Probe  
  77  7:57  Forge  
  78  8:00  Stalker  
  78  8:05  Probe  
  81  8:07  Sentry  
  81  8:10  Probe  
  84  8:18  Shield Battery  
  84  8:21  Sentry  
  84  8:24  Shield Battery  
  87  8:28  Stalker  
  87  8:34  Stalker  
Show
View Real Time Build Order
Export as new Build Order

Maplez Protoss 

Build Orders: Oracle Opening 

Get SALT Encoding   

  12  0:00  Probe  
  13  0:12  Probe  
  14  0:17  Pylon  
  14  0:24  Probe (Chrono Boost)  
  16  0:36  Probe (Chrono Boost)  
  16  0:38  Gateway  
  16  0:43  Probe (Chrono Boost)  
  16  0:47  Assimilator  
  17  0:50  Probe  
  17  0:55  Assimilator  
  18  1:03  Probe  
  19  1:15  Probe  
  19  1:16  Gateway  
  20  1:26  Cybernetics Core  
  20  1:28  Probe  
  21  1:37  Pylon  
  21  1:40  Probe  
  22  1:52  Probe  
  23  2:02  Warp Gate (Chrono Boost)  
  27  2:10  Stalker x2  
  27  2:21  Stargate  
  27  2:41  Stalker  
  27  2:42  Stalker  
  30  2:50  Pylon  
  30  3:03  Probe  
  31  3:06  Oracle (Chrono Boost)  
  34  3:12  Pylon  
  34  3:33  Oracle (Chrono Boost)  
  37  3:43  Pylon  
  37  3:48  Probe  
  37  3:52  Robotics Facility  
  38  4:08  Stalker  
  40  4:10  Probe  
  40  4:11  Shield Battery  
  40  4:16  Stalker  
  43  4:31  Stalker  
  45  4:40  Immortal (Chrono Boost)  
  49  4:50  Stalker  
  51  4:54  Probe  
  51  4:58  Pylon  
  49  5:14  Nexus  
  49  5:18  Probe  
  50  5:25  Stalker  
  52  5:32  Stalker  
  52  5:34  Probe  
  55  5:36  Observer  
  48  6:15  Observer  
  47  6:21  Probe  
  47  6:23  Immortal (Chrono Boost)  
  47  6:25  Oracle (Chrono Boost)  
  44  6:30  Probe  
  52  6:34  Probe  
  53  6:44  Probe, Pylon  
  54  6:48  Probe  
  55  6:56  Probe  
  56  7:06  Probe  
  57  7:09  Stalker  
  57  7:10  Stalker  
  57  7:11  Observer  
  57  7:14  Probe  
  62  7:22  Pylon  
  62  7:31  Pylon  
  62  7:34  Observer  
  61  7:47  Adept x2  
  59  8:01  Pylon x2  
  59  8:02  Pylon  
  60  8:31  Stalker x2  
Tags
 
Add a new tag
Caveats
  • Supply blocks, unpowered buildings, or Contaminate may cause inaccurate times.
  • Supply counts are checked every 10 seconds.